 Dungeon Crawl Stone Soup version 0.27-a0-1308-gc08437e49b (webtiles) character file.

Game seed: 18098577303132855297

438 mordus the Chopper (level 6, -1/51 HPs)
             Began as a Minotaur Fighter on June 18, 2021.
             Slain by Duvessa (6 damage)
             ... on level 5 of the Dungeon.
             The game lasted 00:04:21 (3200 turns).

mordus the Chopper (Minotaur Fighter)               Turns: 3200, Time: 00:04:23

Health: -1/51      AC:  9    Str: 21    XL:     6   Next: 69%
Magic:  5/5        EV:  7    Int:  5    God:
Gold:   272        SH:  9    Dex: 11    Spells: 5/5 levels left

rFire    + . .     SeeInvis .   o - +0 broad axe
rCold    + . .     Faith    .   c - +0 kite shield
rNeg     . . .     Spirit   .   s - +1 scale mail {rC+}
rPois    .         Reflect  .   (helmet restricted)
rElec    .         Harm     .   (no cloak)
rCorr    .         Rampage  .   r - +0 pair of gloves
Will     .....                  (no boots)
Stlth    ..........             (no amulet)
HPRegen  0.17/turn              h - ring of protection from fire
MPRegen  0.09/turn              (no ring)

@: no status effects
A: horns 2, retaliatory headbutt
a: no special abilities


You were on level 5 of the Dungeon.
You visited 1 branch of the dungeon, and saw 5 of its levels.

You collected 272 gold pieces.

Inventory:

Hand Weapons
 a - a +0 war axe
 o - a +0 broad axe (weapon)
Armour
 b - a +0 scale mail
 c - a +0 kite shield (worn)
 r - a +0 pair of gloves (worn)
 s - a +1 scale mail of cold resistance (worn)
 v - a +0 tower shield
Magical Staves
 p - a staff of earth
Jewellery
 h - a ring of protection from fire (left hand)
 k - a ring of magical power
Wands
 t - a wand of iceblast (11)
Scrolls
 e - 2 scrolls of amnesia {unknown}
 f - 3 scrolls of teleportation {unknown}
 g - a scroll of noise {unknown}
 i - 5 scrolls of identify {unknown}
 j - 3 scrolls of enchant weapon {unknown}
 l - a scroll of blinking {unknown}
 m - a scroll of magic mapping {unknown}
 u - a scroll of fear {unknown}
Potions
 d - a potion of might
 n - 3 potions of curing {unknown}
 q - a potion of degeneration {unknown}


   Skills:
 - Level 3.6 Fighting
 * Level 7.3 Axes
 + Level 6.0 Armour
 - Level 3.6 Shields


You had 5 spell levels left.
You didn't know any spells.
Your spell library was empty.

Dungeon Overview and Level Annotations

Branches:
Dungeon (5/15)
 Temple: D:4-7

Altars:

Annotations:
D:5 Duvessa


Innate Abilities, Weirdness & Mutations

You have a pair of horns on your head.
You reflexively headbutt those who attack you in melee.


Message History

Dowan points at you and mumbles some strange words.
You resist with some effort. You block the necrophage's attack.
Duvessa barely misses you. You furiously retaliate!
You headbutt Duvessa, but do no damage. You hit Duvessa.
Duvessa is moderately wounded.
You slash the necrophage!
You destroy the necrophage!
You block Duvessa's attack. Duvessa hits you with a +0 rapier.
Dowan gestures wildly while chanting.
Dowan blinks!
Your Axes skill increases to level 7!
You slash Duvessa!
Duvessa is heavily wounded.
You closely miss Dowan.
Duvessa zaps a wand.
You block the puff of flame. Duvessa hits you but does no damage.
Dowan hits you but does no damage. Duvessa closely misses you.
Unknown command.
You hit Duvessa but do no damage. Your headbutt misses Duvessa.
Duvessa is heavily wounded.
You slash Dowan!
You kill Dowan!
Duvessa screams in rage.
Duvessa goes berserk!
You block Duvessa's attack. Duvessa hits you with a +0 rapier.
Your Armour skill increases to level 6!
You hit Duvessa. Your headbutt misses Duvessa.
Duvessa is heavily wounded.
You block Duvessa's attack. x2
You completely miss Duvessa.
Duvessa is heavily wounded.
Duvessa hits you with a +0 rapier. You block Duvessa's attack.
You slash Duvessa! You headbutt Duvessa!
Duvessa is almost dead.
Duvessa hits you with a +0 rapier!
* * * LOW HITPOINT WARNING * * *
Duvessa hits you with a +0 rapier.
* * * LOW HITPOINT WARNING * * *
Duvessa hits you with a +0 rapier.
You die...

#.# #. #.# # #. #.#
.# #. ######.###.##
#. #.. ..... .. #.
#.# #.#.# #.
#.#####.####.#.# #.
#.).†..........###.
#e@####.####.#.....
#..# #...# #.##....
....................
#.##.###.....#######.
#. #.. ........ #. #
............. .#
.###........# ## .


You could see Duvessa (berserk, fast).

Vanquished Creatures
  A necrophage (D:5)
  A bullfrog (D:4)
  A scorpion (D:3)
  Dowan (D:5)
  A hound (D:4)
  An orc wizard (D:4)
  3 adders
  An adder skeleton (D:4)
  A worm (D:3)
  6 dart slugs
  6 orcs
  8 ball pythons
  9 endoplasms
  4 giant cockroaches
  8 goblins
  6 hobgoblins
  2 jackals (D:2)
  4 quokkas
  3 bats
  5 frilled lizards
  3 kobolds
  7 rats
82 creatures vanquished.

Notes
Turn   | Place    | Note
-------+----------+-------------------------------------------
     0 | D:1      | mordus the Minotaur Fighter began the quest for the Orb.
     0 | D:1      | Reached XP level 1. HP: 19/19 MP: 0/0
    61 | D:1      | Reached skill level 3 in Axes
    86 | D:1      | Reached XP level 2. HP: 25/26 MP: 1/1
   478 | D:1      | Reached XP level 3. HP: 30/31 MP: 2/2
   710 | D:2      | Reached skill level 4 in Axes
  1065 | D:2      | Reached XP level 4. HP: 33/39 MP: 3/3
  1165 | D:2      | Found a faded altar of an unknown god.
  1596 | D:3      | Noticed a scorpion
  1614 | D:3      | Reached skill level 5 in Axes
  1618 | D:3      | Killed a scorpion
  1619 | D:3      | Reached skill level 5 in Armour
  1619 | D:3      | Reached XP level 5. HP: 25/45 MP: 4/4
  2467 | D:4      | Reached skill level 6 in Axes
  2901 | D:4      | Reached XP level 6. HP: 46/51 MP: 5/5
  3164 | D:5      | Entered Level 5 of the Dungeon
  3183 | D:5      | Noticed Duvessa
  3183 | D:5      | Noticed Dowan
  3196 | D:5      | Reached skill level 7 in Axes
  3197 | D:5      | Killed Dowan
  3200 | D:5      | Slain by Duvessa

Illustrated notes

Levels and vault maps discovered:
D:1:      dpeg_arrival_round_a, layout_rooms
D:2:      layout_loops_cross, hellmonk_ecumenical_altar_heavens_door,
          guppyfry_early_orc_mine
D:3:      layout_basic
D:4:      layout_basic
D:5:      layout_loops_ring, patterned_corridor, uniq_blork_the_orc,
          uniq_duvessa, uniq_pikel

Skill      XL: |  1  2  3  4  5  6 |
---------------+-------------------+-----
Axes           | 3 4 5 6 7 |  7.3
Armour         | 4 5 6 |  6.0
Fighting       | |  3.6
Shields        | |  3.6

Action                   |  1- 3 |  4- 6 || total
-------------------------+-------+-------++-------
Melee: War axe           |    73 |    27 ||   100
       Headbutt          |    16 |    20 ||    36
       Broad axe         |       |    80 ||    80
Armor: Scale mail        |    32 |    67 ||    99
Dodge: Dodged            |    16 |    38 ||    54
Block: Kite shield       |    27 |    69 ||    96

Table legend: (Time is in decaauts)
 A = Elapsed time spent in this place.
 B = Non-inter-level travel time spent in this place.
 C = Inter-level travel time spent in this place.
 D = Time resting spent in this place.
 E = Time spent auto-exploring this place.
 F = Levels seen in this place.
 G = Mean time per level.
                   A        B        C        D        E       F      G
               +--------+--------+--------+--------+--------+-----+--------+
         Total |   3296 |   3095 |    201 |      0 |   2501 |   5 |  659.2 |
       Dungeon |   3296 |   3095 |    201 |      0 |   2501 |   5 |  659.2 |
               +--------+--------+--------+--------+--------+-----+--------+

Top non-repeatable levels by time:
     D:2: 887 daAuts
     D:3: 847 daAuts
     D:4: 812 daAuts
     D:1: 705 daAuts
     D:5: 43 daAuts
